[Event "Titled Tuesday Blitz June 20 Late 2023"]
[White "Daggupati, Balaji"]
[Black "Luo, Terry"]
[WhiteFideId "2090759"]
[BlackFideId "30931045"]
[WhiteElo "2704"]
[BlackElo "2265"]
[Result "1-0"]
[Round "1"]
[TimeControl "180+2"]
[Date "2023.06.20"]
[WhiteClock "0:00:52"]
[BlackClock "0:00:55"]
[Board "89"]

1. e4 e5 2. Nf3 Nc6 3. Bb5 a6 4. Ba4 Nge7 5. c3 Ng6 6. O-O d5 7. d3 Be7 8. Re1 O-O 9. h3 Be6 10. Nbd2 f6 11. Nf1 Qd7 12. Ne3 dxe4 13. dxe4 Qxd1 14. Rxd1 b5 15. Bb3 Kf7 16. Nd5 Bd6 17. Nxc7 Bxc7 18. Rd7+ Nge7 19. Rxc7 Rfd8 20. Be3 Na5 21. Bc5 Re8 22. Bd5 Rac8 23. Rxc8 Rxc8 24. Bb4 Nc4 25. Bxc4 Bxc4 26. a4 Nc6 27. Bc5 Na5 28. Bb6 Nb3 29. Ra3 Rc6 30. Be3 Rd6 31. axb5 axb5 32. Ra7+ Kg6 33. Nh4+ Kh5 34. Rxg7 Rd1+ 35. Kh2 1-0


[Site "https://www.chess.com"]

[Event "Titled Tuesday Blitz June 20 Late 2023"]
[White "Tymrakiewicz, Rafal"]
[Black "Fodor, Tamas Jr."]
[WhiteFideId "1108832"]
[BlackFideId "723762"]
[WhiteElo "2151"]
[BlackElo "2504"]
[Result "0-1"]
[Round "1"]
[TimeControl "180+2"]
[Date "2023.06.20"]
[WhiteClock "0:00:00"]
[BlackClock "0:01:47"]
[Board "90"]

1. d4 d5 2. Bg5 h6 3. Bh4 c5 4. e3 Nc6 5. c3 Qb6 6. Qb3 c4 7. Qc2 Bf5 8. Qc1 g5 9. Bg3 Bg7 10. Nd2 Nf6 11. Be2 Rc8 12. Ngf3 O-O 13. Ne5 Ne4 14. Nxe4 Nxe5 15. Bxe5 Bxe5 16. Ng3 Bxg3 17. hxg3 Kg7 18. Bd1 Rfe8 19. Bc2 Bg6 20. Bxg6 Qxg6 21. Qb1 e5 22. Qxg6+ Kxg6 23. dxe5 Rxe5 24. O-O-O b5 25. Rd4 a5 26. Rhd1 Rc5 27. a3 Rf5 28. f4 g4 29. e4 dxe4 30. Rxe4 h5 31. Rd8 Rfd5 32. Rd4 Rxd8 33. Rxd8 Kf5 34. Kd2 Ke6 35. Ke3 Rd5 36. Rb8 Rd3+ 37. Ke2 Rxg3 38. Kf2 Rd3 39. Rxb5 h4 40. Ke2 Rd5 41. Rb6+ Kf5 42. Rh6 Kxf4 43. Rxh4 Kg3 44. Rh7 f5 45. Rc7 Kxg2 46. Rxc4 Re5+ 47. Kd2 g3 48. b4 axb4 49. cxb4 Kh3 50. Rc8 g2 51. Rh8+ Kg3 52. Rg8+ Kf2 53. a4 f4 54. b5 g1=Q 55. Rxg1 Kxg1 56. b6 f3 57. b7 Re8 58. a5 f2 59. a6 f1=Q 60. a7 Qg2+ 61. Kc3 Qxb7 0-1


[Site "https://www.chess.com"]

[Event "Titled Tuesday Blitz June 20 Late 2023"]
[White "Mcconnell, Sullivan"]
[Black "dodoucb"]
[WhiteFideId "30934885"]
[WhiteElo "2701"]
[BlackElo "2402"]
[Result "1-0"]
[Round "1"]
[TimeControl "180+2"]
[Date "2023.06.20"]
[WhiteClock "0:01:53"]
[BlackClock "0:00:00"]
[Board "91"]

1. e4 c6 2. d4 d5 3. Nc3 dxe4 4. Nge2 Nf6 5. Ng3 Bg4 6. Qd2 e6 7. Ncxe4 Nxe4 8. Nxe4 Be7 9. Ng3 Bd6 10. h3 Bxg3 11. hxg4 Bd6 12. Bd3 Nd7 13. c3 Qe7 14. Qe2 O-O-O 15. Be3 h6 16. O-O-O Nf6 17. g5 hxg5 18. Bxg5 Qc7 19. Qf3 Qa5 20. Bxf6 gxf6 21. Kb1 f5 22. g3 Qd5 23. Qxd5 cxd5 24. Be2 Be7 25. Bh5 Rh7 26. Bf3 Rdh8 27. Kc2 Rxh1 28. Rxh1 Rxh1 29. Bxh1 Kd7 30. Bf3 f6 31. c4 dxc4 32. Bxb7 Bb4 33. Kd1 c3 34. b3 Kd6 35. Kc2 e5 36. Bc8 exd4 37. Bxf5 Ke5 38. Bd3 f5 39. Kd1 f4 40. g4 f3 41. g5 Be7 42. g6 Bf6 43. Kc2 a5 44. Bb5 Kf4 45. Bc6 Kg4 46. Kd3 Kf4 47. a3 Bg7 48. b4 axb4 49. axb4 Ke5 50. Bxf3 Kd6 51. Be4 Kc7 52. Kc4 Kb6 53. Bd3 Kc7 54. Kd5 Kb6 55. Ke6 Bh6 56. f4 1-0


[Site "https://www.chess.com"]

[Event "Titled Tuesday Blitz June 20 Late 2023"]
[White "Herrera, Juan Sebastian"]
[Black "Fiorito, Joaquin"]
[WhiteFideId "4403266"]
[BlackFideId "180173"]
[WhiteElo "2255"]
[BlackElo "2199"]
[Result "0-1"]
[Round "1"]
[TimeControl "180+2"]
[Date "2023.06.20"]
[WhiteClock "0:00:02"]
[BlackClock "0:00:15"]
[Board "92"]

1. d4 Nf6 2. c4 e6 3. Nf3 d5 4. g3 Bb4+ 5. Bd2 a5 6. Bg2 O-O 7. O-O dxc4 8. Qc2 Bxd2 9. Qxd2 b5 10. Na3 c6 11. Ne5 Nd5 12. e4 Ne7 13. Rad1 Bb7 14. d5 cxd5 15. exd5 Bxd5 16. Nxb5 Qb6 17. Na3 Qc5 18. Nexc4 Bxg2 19. Kxg2 Nbc6 20. Qd6 Qh5 21. Qf4 Rad8 22. Qf3 Qc5 23. Rc1 Nd4 24. Qe4 Ng6 25. Ne3 Qb4 26. Nac4 f5 27. Qb1 f4 28. gxf4 Qb7+ 29. f3 Nxf4+ 30. Kg3 Nfe2+ 31. Kf2 Rxf3+ 32. Ke1 Rxf1+ 33. Nxf1 Nxc1 34. Qxc1 Qe4+ 35. Nfe3 Qf3 36. Qd2 Qh1+ 37. Kf2 Qxh2+ 38. Ng2 Rf8+ 39. Ke3 Nf5+ 40. Ke4 Qg3 41. Ne5 Kh8 42. Nf4 Nh6 43. Qd3 Qxf4# 0-1


[Site "https://www.chess.com"]

[Event "Titled Tuesday Blitz June 20 Late 2023"]
[White "Makridis, Dimitrios"]
[Black "Buchenau, Frank"]
[WhiteFideId "25864475"]
[BlackFideId "4604350"]
[WhiteElo "2277"]
[BlackElo "2157"]
[Result "1-0"]
[Round "1"]
[TimeControl "180+2"]
[Date "2023.06.20"]
[WhiteClock "0:00:08"]
[BlackClock "0:00:08"]
[Board "93"]

1. e4 e6 2. d4 d5 3. Nc3 Nf6 4. e5 Nfd7 5. f4 c5 6. Nf3 Nc6 7. Be3 a6 8. Qd2 b5 9. Be2 Qb6 10. Nd1 b4 11. O-O cxd4 12. Nxd4 Nxd4 13. Bxd4 Qxd4+ 14. Qxd4 Bc5 15. Qxc5 Nxc5 16. Kf2 a5 17. Ke3 Ba6 18. Bxa6 Rxa6 19. Nf2 Ke7 20. Rfc1 f6 21. Nd3 Rc8 22. a3 Nxd3 23. cxd3 Rxc1 24. Rxc1 Kd7 25. Rc5 bxa3 26. bxa3 a4 27. g4 fxe5 28. fxe5 Ra8 29. h4 h5 30. gxh5 Rh8 31. Ra5 Rxh5 32. Rxa4 Rxe5+ 33. Kf4 Rf5+ 34. Kg4 Rf1 35. Ra7+ Kd6 36. a4 Rd1 37. a5 Ke5 38. a6 Kd4 39. Kh5 Rg1 40. Re7 e5 41. a7 Ra1 42. Kg6 Rg1+ 43. Kf7 Rf1+ 44. Kxg7 Ra1 45. h5 Kxd3 46. h6 Rg1+ 47. Kf8 Rf1+ 48. Rf7 Ra1 49. h7 e4 50. h8=Q 1-0


[Site "https://www.chess.com"]

[Event "Titled Tuesday Blitz June 20 Late 2023"]
[White "Slavin, Alexey"]
[Black "Cuenca Jimenez, Jose Fernando"]
[WhiteFideId "24104388"]
[BlackFideId "2255570"]
[WhiteElo "2264"]
[BlackElo "2418"]
[Result "0-1"]
[Round "1"]
[TimeControl "180+2"]
[Date "2023.06.20"]
[WhiteClock "0:00:00"]
[BlackClock "0:00:37"]
[Board "94"]

1. e4 d6 2. d4 Nf6 3. Nc3 e5 4. Nf3 Nbd7 5. g4 Nxg4 6. Rg1 Ngf6 7. Be3 c6 8. Qd2 b5 9. a3 a6 10. O-O-O Qe7 11. dxe5 dxe5 12. Nh4 g6 13. Kb1 h6 14. f3 Nh5 15. Ng2 Bg7 16. f4 O-O 17. f5 Kh7 18. Be2 Ndf6 19. fxg6+ fxg6 20. Nh4 Nxe4 21. Nxe4 Qxh4 22. Bc5 Rf4 23. Ng3 Nf6 24. Bd3 e4 25. Ne2 Rg4 26. Rxg4 Bxg4 27. Qf4 exd3 28. Rxd3 Qg5 29. Qf2 Bxe2 30. Rg3 Qf5 31. Qxe2 Qxc5 32. Qd3 Qf5 33. Qe2 Re8 34. Qg2 Re1+ 0-1


[Site "https://www.chess.com"]

[Event "Titled Tuesday Blitz June 20 Late 2023"]
[White "Turayev, Shahruh"]
[Black "Arnold, Ken"]
[WhiteFideId "14003856"]
[BlackFideId "2056836"]
[WhiteElo "2113"]
[BlackElo "2393"]
[Result "1-0"]
[Round "1"]
[TimeControl "180+2"]
[Date "2023.06.20"]
[WhiteClock "0:00:05"]
[BlackClock "0:00:00"]
[Board "95"]

1. e4 c6 2. Nc3 d5 3. exd5 cxd5 4. d4 Nf6 5. Bf4 a6 6. Nf3 Nc6 7. Ne5 Bd7 8. Nxc6 Bxc6 9. Bd3 e6 10. O-O Bd6 11. Ne2 Qc7 12. Bxd6 Qxd6 13. c3 O-O 14. Ng3 g6 15. Qf3 Kg7 16. Qe3 Rfe8 17. f4 b5 18. a3 a5 19. Qe5 Qxe5 20. fxe5 Nd7 21. b4 Nb6 22. h4 Na4 23. Rac1 Rec8 24. Bc2 Nb6 25. h5 Be8 26. Bb1 Nc4 27. hxg6 hxg6 28. Nh1 Nxa3 29. Bd3 Nc4 30. Bxc4 bxc4 31. bxa5 Rxa5 32. Rf3 Rb8 33. Nf2 Rb2 34. Ng4 Raa2 35. Rg3 Rc2 36. Rf1 Kf8 37. Nf6 Ke7 38. Rf4 Rc1+ 39. Kh2 Raa1 40. Rgf3 Rh1+ 41. Kg3 Ra7 42. Ng8+ Kf8 43. Nf6 Rd1 44. Rh4 Ke7 45. Rh8 Ra8 46. Ng8+ Kf8 47. Nf6+ Ke7 48. Ng8+ Kd7 49. Rh7 Rd3 50. Nh6 Rxf3+ 51. gxf3 Ra3 52. Nxf7 Bxf7 53. Rxf7+ Ke8 54. Rf6 Ke7 55. Rxg6 Rxc3 56. Rg7+ Kf8 57. Rc7 Rd3 58. Kg4 Rxd4+ 59. f4 1-0


[Site "https://www.chess.com"]

[Event "Titled Tuesday Blitz June 20 Late 2023"]
[White "Prydun, Andriy"]
[Black "Volkov, Maksim"]
[WhiteFideId "14145898"]
[BlackFideId "54123070"]
[WhiteElo "2164"]
[BlackElo "2295"]
[Result "0-1"]
[Round "1"]
[TimeControl "180+2"]
[Date "2023.06.20"]
[WhiteClock "0:00:00"]
[BlackClock "0:00:22"]
[Board "96"]

1. e4 c5 2. Nf3 d6 3. c3 Nf6 4. h3 Nc6 5. Bd3 g6 6. Bc2 Bg7 7. O-O O-O 8. d4 cxd4 9. cxd4 e5 10. d5 Nb4 11. Nc3 Nxc2 12. Qxc2 Bd7 13. Qb3 Rb8 14. Be3 a6 15. Bb6 Qe7 16. Nd2 Nh5 17. Nc4 Rbc8 18. Qb4 Nf4 19. Be3 b5 20. Qxd6 Qxd6 21. Nxd6 Rb8 22. b4 Rfd8 23. a4 bxa4 24. Nxa4 Bxa4 25. Nxf7 Kxf7 26. Rxa4 Bf8 27. Rxa6 Rxb4 28. g3 Ne2+ 29. Kg2 Nc3 30. Rb1 Nxb1 0-1


[Site "https://www.chess.com"]

[Event "Titled Tuesday Blitz June 20 Late 2023"]
[White "Adewumi, Tanitoluwa"]
[Black "Fernandez, Maria Florencia"]
[WhiteFideId "30966396"]
[BlackFideId "116459"]
[WhiteElo "2690"]
[BlackElo "2074"]
[Result "0-1"]
[Round "1"]
[TimeControl "180+2"]
[Date "2023.06.20"]
[WhiteClock "0:00:14"]
[BlackClock "0:00:48"]
[Board "97"]

1. e4 c5 2. Nf3 d6 3. Bb5+ Nd7 4. c3 Nf6 5. Bd3 g6 6. Bc2 Bg7 7. d4 O-O 8. O-O e5 9. dxe5 Nxe5 10. Nxe5 dxe5 11. c4 Be6 12. b3 Qd4 13. Qxd4 exd4 14. Bd3 Nxe4 15. Bxe4 d3 16. Bxd3 Bxa1 17. Be3 Bd4 18. Bxd4 cxd4 19. Nd2 a5 20. Nf3 Rfd8 21. h3 a4 22. b4 a3 23. Re1 Ra4 24. Rb1 b5 25. c5 Bxa2 26. Ra1 Bc4 27. Bc2 Rxb4 28. Ne5 Rb2 29. Be4 a2 30. Nc6 Re8 0-1


[Site "https://www.chess.com"]

[Event "Titled Tuesday Blitz June 20 Late 2023"]
[White "Olsson, William"]
[Black "Lizak, Peter"]
[WhiteFideId "1741721"]
[BlackFideId "731595"]
[WhiteElo "2197"]
[BlackElo "2420"]
[Result "0-1"]
[Round "1"]
[TimeControl "180+2"]
[Date "2023.06.20"]
[WhiteClock "0:00:05"]
[BlackClock "0:00:09"]
[Board "98"]

1. c4 Nf6 2. g3 g6 3. Bg2 Bg7 4. Nc3 O-O 5. Nf3 b6 6. O-O Bb7 7. d3 c5 8. e4 Nc6 9. h3 Ne8 10. Be3 Nc7 11. Qd2 Re8 12. d4 cxd4 13. Nxd4 Ne6 14. Nc2 Rc8 15. Rfd1 d6 16. Rac1 h5 17. b3 h4 18. g4 Nc5 19. Nd5 Ne5 20. Bg5 Ncd3 21. Rb1 Bxd5 22. exd5 Nc5 23. Bxh4 a5 24. Nd4 Qd7 25. Bg3 Ned3 26. Nc6 e5 27. Qe3 Nb4 28. a3 Nc2 29. Qd2 Nd4 30. b4 Ncb3 31. Qc3 a4 32. Bf1 f5 33. Nxd4 Nxd4 34. gxf5 gxf5 35. f4 Qf7 36. Kh2 b5 37. c5 Qxd5 38. Bg2 e4 39. Qe3 dxc5 40. bxc5 Rxc5 41. Rb4 Rc4 42. Rb2 Rec8 43. Bf2 Rc3 44. Qe1 R8c4 45. Rbd2 Qd6 46. Qg1 Qxf4+ 47. Kh1 Nf3 48. Rd8+ Kh7 49. Bxf3 Rxf3 50. Qg2 Rcc3 51. R8d7 Rxh3+ 52. Kg1 Qh6 53. Rf7 Rc6 54. Rdd7 Rg6 55. Rxg7+ Rxg7 56. Rxg7+ Qxg7 57. Qxg7+ Kxg7 58. Bc5 Rb3 0-1


[Site "https://www.chess.com"]

[Event "Titled Tuesday Blitz June 20 Late 2023"]
[White "Danielyan, Vahe"]
[Black "Guzman Moneo, Alberto"]
[WhiteFideId "13304828"]
[BlackFideId "2209616"]
[WhiteElo "2423"]
[BlackElo "2157"]
[Result "1-0"]
[Round "1"]
[TimeControl "180+2"]
[Date "2023.06.20"]
[WhiteClock "0:00:47"]
[BlackClock "0:00:25"]
[Board "99"]

1. e4 g6 2. Nc3 Bg7 3. d4 d6 4. Be3 a6 5. Qd2 b5 6. O-O-O Bb7 7. f3 Nd7 8. h4 h6 9. h5 g5 10. Nge2 c5 11. Ng3 cxd4 12. Bxd4 Ne5 13. Nf5 Bf8 14. Kb1 Rc8 15. Nd5 Bxd5 16. exd5 Nf6 17. a4 Qd7 18. Ne3 Bg7 19. axb5 axb5 20. Qb4 O-O 21. Bxb5 Qb7 22. Nf5 Nxd5 23. Qb3 Nf4 24. g3 Ne6 25. Bxe5 dxe5 26. Rd7 Rc7 27. Nxe7+ Kh8 28. Rxc7 Qxc7 29. Ng6+ fxg6 30. Qxe6 Rb8 31. Bc4 e4 32. Bb3 Qxg3 33. hxg6 Qe5 34. Rxh6+ Bxh6 35. Qxe5+ Bg7 36. Qxb8+ Bf8 37. Qxf8# 1-0


[Site "https://www.chess.com"]

[Event "Titled Tuesday Blitz June 20 Late 2023"]
[White "Mazurkiewicz, Michal"]
[Black "Goryachkina, Aleksandra"]
[WhiteFideId "1124943"]
[BlackFideId "4147103"]
[WhiteElo "2063"]
[BlackElo "2471"]
[Result "1-0"]
[Round "1"]
[TimeControl "180+2"]
[Date "2023.06.20"]
[WhiteClock "0:00:11"]
[BlackClock "0:00:00"]
[Board "100"]

1. e4 c6 2. d3 d5 3. Nd2 e5 4. Ngf3 Bd6 5. d4 exd4 6. exd5 cxd5 7. Nxd4 Ne7 8. Bb5+ Nbc6 9. O-O O-O 10. N2f3 Bg4 11. Be2 a6 12. Bg5 Qc7 13. h3 Bd7 14. c3 Rae8 15. Re1 Ng6 16. Bd3 Qc8 17. Qb3 Be6 18. Nxe6 fxe6 19. Bxg6 hxg6 20. Qc2 Rf5 21. Bd2 Qd8 22. Nd4 Nxd4 23. cxd4 Qh4 24. Be3 g5 25. Qe2 Bf4 26. Qg4 Qxg4 27. hxg4 Rf6 28. f3 Bxe3+ 29. Rxe3 Rf4 30. Rd1 Kf7 31. Re5 Kg6 32. Rd3 Re7 33. g3 Rf8 34. Rde3 Kf6 35. Rc3 Rff7 36. f4 gxf4 37. gxf4 Kg6 38. Rf3 Rf6 39. Kg2 Kf7 40. Kg3 Rc7 41. Rfe3 Rc6 42. g5 Rf5 43. Rxf5+ exf5 44. Re5 Rc2 45. Rxf5+ Ke6 46. Re5+ Kd6 47. f5 Rxb2 48. f6 gxf6 49. gxf6 Rb1 50. Rf5 Rg1+ 51. Kf4 Rg8 52. f7 Rf8 53. Kg5 Ke6 54. Kg6 b5 55. Re5+ Kd6 56. Re8 1-0


[Site "https://www.chess.com"]

[Event "Titled Tuesday Blitz June 20 Late 2023"]
[White "Bolourchifard, Farzad"]
[Black "Sadilek, Peter"]
[WhiteFideId "12510084"]
[BlackFideId "1616439"]
[WhiteElo "2317"]
[BlackElo "2227"]
[Result "1-0"]
[Round "1"]
[TimeControl "180+2"]
[Date "2023.06.20"]
[WhiteClock "0:00:38"]
[BlackClock "0:00:05"]
[Board "101"]

1. d4 Nf6 2. Nf3 b6 3. c4 Bb7 4. Nc3 g6 5. Bg5 Ne4 6. Nxe4 Bxe4 7. e3 Bg7 8. Bd3 Bxd3 9. Qxd3 O-O 10. O-O Nc6 11. d5 Nb4 12. Qd2 a5 13. e4 c6 14. d6 f6 15. Be3 e5 16. a3 Na6 17. b4 axb4 18. axb4 c5 19. bxc5 Nxc5 20. Bxc5 bxc5 21. Qd5+ Kh8 22. Qxc5 Rc8 23. Qd5 Qb6 24. h3 Rc5 25. Qd3 Rc6 26. Rfd1 Rfc8 27. Ra4 Qc5 28. Nh2 Bf8 29. Ng4 Rxd6 30. Qe2 Kg7 31. Rxd6 Qxd6 32. Ra7 Rc7 33. Ra8 Qb4 34. Qf3 Rc6 35. Ne3 Bc5 36. Qg4 Rd6 37. Nf5+ Kf7 38. Nxd6+ Bxd6 39. Qxd7+ 1-0


[Site "https://www.chess.com"]

[Event "Titled Tuesday Blitz June 20 Late 2023"]
[White "Lopez Del Alamo, Antonio"]
[Black "Maatman, Nick"]
[WhiteFideId "2227339"]
[BlackFideId "1040391"]
[WhiteElo "2175"]
[BlackElo "2677"]
[Result "0-1"]
[Round "1"]
[TimeControl "180+2"]
[Date "2023.06.20"]
[WhiteClock "0:00:14"]
[BlackClock "0:00:18"]
[Board "102"]

1. e4 c5 2. Nf3 d6 3. d4 cxd4 4. Nxd4 Nf6 5. Nc3 Nc6 6. Bg5 Bd7 7. f4 a6 8. Nb3 e6 9. Qf3 Be7 10. O-O-O Qc7 11. g4 h6 12. Bxf6 gxf6 13. h4 O-O-O 14. Bh3 Kb8 15. Kb1 Rc8 16. Rd2 Ka8 17. Rhd1 Rhd8 18. Qf2 Na7 19. f5 Rg8 20. Nd4 Nc6 21. fxe6 fxe6 22. g5 Nxd4 23. Rxd4 hxg5 24. hxg5 Rxg5 25. a3 Re5 26. Bf1 Rh8 27. Rc4 Bc6 28. Na4 Kb8 29. Bg2 Rg8 30. Nb6 Bd8 31. Nd5 Qg7 32. Bh1 exd5 33. exd5 Bb5 34. Rb4 Qg3 35. Qd4 Qe3 36. Qh4 Qe2 37. Rc1 f5 38. Qh7 Rge8 39. a4 R5e7 40. Qxf5 Bd7 41. Qf4 Bc7 42. Bf3 Qe3 43. Qg4 Bxg4 0-1


[Site "https://www.chess.com"]

[Event "Titled Tuesday Blitz June 20 Late 2023"]
[White "Timerkhanov, Alexander"]
[Black "Arias Igual, Alejandro"]
[WhiteFideId "24177938"]
[BlackFideId "2254905"]
[WhiteElo "2278"]
[BlackElo "2179"]
[Result "1-0"]
[Round "1"]
[TimeControl "180+2"]
[Date "2023.06.20"]
[WhiteClock "0:00:13"]
[BlackClock "0:00:01"]
[Board "103"]

1. d4 d5 2. Bf4 Nf6 3. e3 c5 4. c3 Nc6 5. Nd2 Qb6 6. Qb3 c4 7. Qc2 Bg4 8. e4 e6 9. Ne2 Bh5 10. Ng3 Bg6 11. f3 Be7 12. Qc1 O-O 13. h4 h6 14. h5 Bh7 15. e5 Nd7 16. Ne2 f6 17. exf6 Bxf6 18. Bg3 e5 19. b3 exd4 20. bxc4 dxc3 21. Nxc3 Qe3+ 22. Ne2 Bxa1 23. Qxa1 d4 24. Bf2 Qd3 25. Nxd4 Rfe8+ 26. Ne4 Rxe4+ 27. fxe4 Qxe4+ 28. Be2 Re8 29. Qb2 Nxd4 30. Bxd4 Nf6 31. Bxf6 gxf6 32. Rf1 Qe3 33. Rf2 Bd3 34. Kf1 Bxc4 35. Bxc4+ Kh7 36. Qc2+ Kh8 37. Kg1 Qe1+ 38. Kh2 Qe5+ 39. g3 Qxh5+ 40. Kg2 Qe5 41. Qf5 Qe4+ 42. Qxe4 Rxe4 43. Bd5 Rb4 44. Rxf6 a5 45. Rf8+ Kg7 46. Rf7+ Kg6 47. Rxb7 Rd4 48. Bb3 Rd2+ 49. Kh3 a4 50. Bxa4 Rxa2 51. Bb3 Rd2 52. Rb6+ Kg5 53. Rb5+ Kg6 54. Be6 Kg7 55. Kh4 Re2 56. Bf5 Re3 57. Kg4 Kf6 58. Rb6+ Kg7 59. Kf4 Rc3 60. Rg6+ Kf7 61. Rxh6 Rc4+ 62. Kg5 Rc5 63. g4 Ra5 64. Rh7+ Kg8 65. Rb7 Rc5 66. Kf6 Rc6+ 67. Be6+ Kh8 68. Rb8+ Kh7 69. g5 Ra6 70. g6+ Kh6 71. Rh8# 1-0


[Site "https://www.chess.com"]

[Event "Titled Tuesday Blitz June 20 Late 2023"]
[White "Fernandez Siles, Luis"]
[Black "Lamard, Guillaume"]
[WhiteFideId "2209420"]
[BlackFideId "600261"]
[WhiteElo "2195"]
[BlackElo "2413"]
[Result "0-1"]
[Round "1"]
[TimeControl "180+2"]
[Date "2023.06.20"]
[WhiteClock "0:00:29"]
[BlackClock "0:01:31"]
[Board "104"]

1. e4 c5 2. Nf3 d6 3. Bb5+ Bd7 4. Bxd7+ Nxd7 5. O-O Ngf6 6. Re1 e6 7. c3 Be7 8. d4 O-O 9. d5 exd5 10. exd5 Nb6 11. a4 Nbxd5 12. c4 Nb4 13. b3 d5 14. cxd5 Nfxd5 15. Bb2 Bf6 16. Ne5 Re8 17. Nd2 Nf4 18. Re3 Nfd3 19. Nxd3 Rxe3 20. Bxf6 Qxf6 21. Nxb4 Re5 22. Nc2 Rd8 23. Qc1 Re2 24. Nf3 Rxc2 0-1


[Site "https://www.chess.com"]

[Event "Titled Tuesday Blitz June 20 Late 2023"]
[White "Stoleriu, George"]
[Black "Melikhov, Evgeny V."]
[WhiteFideId "1227505"]
[BlackFideId "4122046"]
[WhiteElo "2308"]
[BlackElo "2158"]
[Result "1-0"]
[Round "1"]
[TimeControl "180+2"]
[Date "2023.06.20"]
[WhiteClock "0:02:00"]
[BlackClock "0:01:47"]
[Board "105"]

1. e4 e5 2. Nf3 Nc6 3. Bb5 a6 4. Ba4 Nf6 5. d3 b5 6. Bb3 Be7 7. O-O d6 8. c3 O-O 9. Re1 Bb7 10. Nbd2 Na5 11. Bc2 c5 12. Nf1 Re8 13. Ng3 Bf8 14. Nf5 d5 15. Bg5 h6 16. Bh4 g5 17. Nxg5 hxg5 18. Bxg5 Qb6 19. Re3 Bc8 20. Bxf6 Qxf6 21. Rg3+ Kh7 22. Qh5+ Bh6 23. Nxh6 Qxh6 24. Qxf7+ 1-0


[Site "https://www.chess.com"]

[Event "Titled Tuesday Blitz June 20 Late 2023"]
[White "Ozalp, Burak"]
[Black "Rastbod, Ali"]
[WhiteFideId "6314210"]
[BlackFideId "12567477"]
[WhiteElo "2106"]
[BlackElo "2281"]
[Result "0-1"]
[Round "1"]
[TimeControl "180+2"]
[Date "2023.06.20"]
[WhiteClock "0:00:07"]
[BlackClock "0:01:05"]
[Board "106"]

1. Nf3 c5 2. c4 Nc6 3. g3 e5 4. d3 g6 5. Bg2 Bg7 6. O-O Nge7 7. Nc3 O-O 8. Ne1 d6 9. Rb1 Be6 10. a3 d5 11. cxd5 Nxd5 12. Bd2 b6 13. Nc2 Rc8 14. Ne3 Nde7 15. Qa4 Qd7 16. Rfe1 Nd4 17. Qxd7 Bxd7 18. Ned5 Nxd5 19. Nxd5 Rfe8 20. Bg5 Kf8 21. Nf6 Bxf6 22. Bxf6 Bc6 23. e3 Nf3+ 24. Bxf3 Bxf3 25. d4 cxd4 26. exd4 e4 27. Rbc1 Bg4 28. Be5 f5 29. Bf4 Ke7 30. d5 Kd7 31. Rxc8 Rxc8 32. d6 h6 33. h4 g5 34. hxg5 hxg5 35. Bxg5 Kxd6 36. Bf4+ Kd5 37. Rc1 Rh8 38. f3 Bxf3 39. Kf2 Rh2+ 40. Kf1 Rxb2 41. Rc7 a5 42. Rf7 Ke6 43. Rf8 b5 44. Re8+ Kf7 45. Re5 Bg4 46. Rc5 b4 47. Rxa5 b3 48. Ra7+ Ke6 49. Ra6+ Kd5 50. Rd6+ Kc4 51. Be5 Ra2 52. Rc6+ Kd5 53. Rb6 Kxe5 54. Rxb3 Kd4 0-1


[Site "https://www.chess.com"]

[Event "Titled Tuesday Blitz June 20 Late 2023"]
[White "Sun, Rick"]
[Black "Bogaudinov, Rushan"]
[WhiteFideId "30909481"]
[BlackFideId "4129288"]
[WhiteElo "2169"]
[BlackElo "1967"]
[Result "1-0"]
[Round "1"]
[TimeControl "180+2"]
[Date "2023.06.20"]
[WhiteClock "0:00:05"]
[BlackClock "0:00:00"]
[Board "107"]

1. e4 a6 2. a4 e6 3. d4 d5 4. exd5 Qxd5 5. Nf3 Nf6 6. Bd3 c5 7. O-O Nc6 8. Nc3 Qh5 9. dxc5 Bxc5 10. Ne4 Be7 11. Qe2 O-O 12. Ng3 Qa5 13. c3 Qc7 14. Re1 b6 15. Ng5 Bb7 16. Nh5 h6 17. Nxf6+ Bxf6 18. Qe4 Rfd8 19. Qh7+ Kf8 20. Nxe6+ fxe6 21. Rxe6 Qf7 22. Qh8+ Qg8 23. Rxf6+ gxf6 24. Qxf6+ Qf7 25. Bxh6+ Kg8 26. Bc4 Kh7 27. Bxf7 Rg8 28. Bxg8+ Rxg8 29. Qf7+ Kh8 30. Be3 Ne5 31. Bd4 Rxg2+ 32. Kf1 Rg7 33. Bxe5 Bg2+ 34. Ke1 1-0


[Site "https://www.chess.com"]

[Event "Titled Tuesday Blitz June 20 Late 2023"]
[White "Fajdetic, Hrvoje"]
[Black "Martins, Bruno Andre Leite"]
[WhiteFideId "14501945"]
[BlackFideId "1942255"]
[WhiteElo "2185"]
[BlackElo "2241"]
[Result "0-1"]
[Round "1"]
[TimeControl "180+2"]
[Date "2023.06.20"]
[WhiteClock "0:00:00"]
[BlackClock "0:00:03"]
[Board "108"]

1. d4 Nf6 2. Bf4 d5 3. e3 c5 4. Nc3 a6 5. dxc5 Nc6 6. Nf3 Bg4 7. Be2 e6 8. Na4 Bxc5 9. Nxc5 Qa5+ 10. c3 Qxc5 11. O-O O-O 12. Ne5 Bxe2 13. Qxe2 Rfd8 14. Nd3 Qe7 15. Bg5 h6 16. Bh4 e5 17. Rad1 e4 18. Bxf6 Qxf6 19. Nf4 Qe5 20. Qg4 Ne7 21. Rd2 f5 22. Ng6 Nxg6 23. Qxg6 Rd6 24. Qg3 Qxg3 25. hxg3 Kf7 26. c4 Rad8 27. Rfd1 Ke6 28. c5 Rc6 29. b4 a5 30. a3 axb4 31. axb4 b6 32. cxb6 Rxb6 33. Rd4 Rb5 34. g4 fxg4 35. Rxe4+ dxe4 36. Rxd8 Rxb4 37. Kh2 h5 38. Kg3 g5 39. Rh8 h4+ 40. Kxg4 Rb2 41. Rf8 Rb5 42. Re8+ Kf6 43. Rxe4 Rb2 44. Kf3 Kf5 45. Ra4 Rb5 46. g4+ hxg3 47. Kxg3 Rb1 48. f3 Kf6 49. Ra6+ Kf5 50. Ra5+ Kf6 51. Ra6+ Kf5 52. Rc6 Rg1+ 53. Kf2 Rb1 54. Rc5+ Kf6 55. Kg3 Rg1+ 56. Kf2 Rb1 57. e4 Rb2+ 58. Ke3 Rb3+ 59. Ke2 Rb2+ 60. Kd3 Rb3+ 61. Rc3 Rb2 62. Kd4 Rd2+ 63. Rd3 Ra2 64. e5+ Kf5 65. Re3 Ra4+ 66. Kd5 Ra5+ 67. Kd6 Ra6+ 68. Kd7 Re6 69. Rc3 Rxe5 70. Kd6 Ra5 71. Rb3 Kf4 72. Ke6 Ra6+ 73. Kd5 Rf6 74. Rc3 Kg3 75. Ke5 Rxf3 76. Rc8 g4 0-1


[Site "https://www.chess.com"]

[Event "Titled Tuesday Blitz June 20 Late 2023"]
[White "Jaracz, Pawel"]
[Black "sebastianmarinp"]
[WhiteFideId "1102222"]
[WhiteElo "2454"]
[BlackElo "2368"]
[Result "1-0"]
[Round "1"]
[TimeControl "180+2"]
[Date "2023.06.20"]
[WhiteClock "0:01:00"]
[BlackClock "0:00:06"]
[Board "109"]

1. Nf3 Nf6 2. d4 e6 3. c4 Bb4+ 4. Nbd2 O-O 5. e3 b6 6. Bd3 Ba6 7. O-O d5 8. Qc2 c5 9. dxc5 Bxc5 10. a3 Nbd7 11. b4 Be7 12. Qa4 dxc4 13. Bxc4 Bxc4 14. Nxc4 Qc7 15. Qb3 a5 16. Bb2 axb4 17. axb4 Nd5 18. Rac1 Bxb4 19. Nce5 Qb7 20. e4 Nxe5 21. Bxe5 Ra3 22. Qb2 f6 23. exd5 fxe5 24. Qxb4 Raxf3 25. gxf3 Qxd5 26. Qe4 1-0


[Site "https://www.chess.com"]

[Event "Titled Tuesday Blitz June 20 Late 2023"]
[White "Wang, Isaac"]
[Black "Salimova, Nurgyul"]
[WhiteFideId "30977185"]
[BlackFideId "2915138"]
[WhiteElo "2367"]
[BlackElo "2343"]
[Result "0-1"]
[Round "1"]
[TimeControl "180+2"]
[Date "2023.06.20"]
[WhiteClock "0:00:51"]
[BlackClock "0:01:06"]
[Board "110"]

1. d4 Nf6 2. c4 e6 3. Nf3 d5 4. Nc3 Nbd7 5. Bf4 c6 6. e3 Nh5 7. Bg5 Be7 8. Bxe7 Qxe7 9. Ne5 Nhf6 10. Nxd7 Bxd7 11. Be2 O-O 12. O-O Rad8 13. Qb3 Bc8 14. Rad1 Rfe8 15. Qc2 e5 16. cxd5 Nxd5 17. Nxd5 Rxd5 18. dxe5 Rxe5 19. Bd3 g6 20. e4 Be6 21. b3 g5 22. Qc3 Qc5 23. Qd2 Rd8 24. Qe2 Kg7 25. h3 h6 26. Kh2 f5 27. f4 gxf4 28. Rxf4 Rd4 29. Qf2 fxe4 30. Bxe4 Rxd1 31. Qh4 Qg1+ 32. Kg3 Rg5+ 33. Kf3 Qxg2+ 34. Ke3 Qd2+ 35. Kf3 Rf1+ 36. Qf2 Rxf2# 0-1


[Site "https://www.chess.com"]